 Dungeon Crawl Stone Soup version 0.23.2-1-ga50397a6bc (webtiles) character file.

Game seed: 245628643181711470

94780 Dommiel19 the Impaler (level 15, -22/139 HPs)
             Began as a Minotaur Berserker on May 16, 2019.
             Was an Elder of Trog.
             Killed from afar by a fire giant (51 damage)
             ... with a fireball
             ... on level 14 of the Dungeon on May 18, 2019.
             The game lasted 00:46:30 (19296 turns).

Dommiel19 the Impaler (Minotaur Berserker)         Turns: 19296, Time: 00:46:31

Health: -22/139    AC: 24    Str: 34    XL:     15   Next: 64%
Magic:  27/27      EV: 10    Int:  4    God:    Trog [****..]
Gold:   1227       SH:  0    Dex: 18    Spells: 20/20 levels left

rFire    . . .     SeeInvis +   k - +7 glaive of Mono Bur {chop, rPois MP+9 Dex+7 SInv}
rCold    . . .     Gourm    .   (shield currently unavailable)
rNeg     + . .     Faith    .   s - +1 plate armour
rPois    +         Spirit   .   f - +1 hat {SInv}
rElec    .         Reflect  .   x - scarf {cloud immunity}
rCorr    .         Harm     .   u - +1 pair of gloves {Str+3}
MR       +....                  v - +0 pair of boots
Stlth    ..........             (no amulet)
HPRegen  0.73/turn              r - ring "Zobue" {Str+4 Stlth+}
MPRegen  0.20/turn              q - ring of positive energy

@: berserk cooldown, slowed, very slow
A: retaliatory headbutt, horns 2, camouflage 1, regeneration 1
a: Berserk, Trog's Hand, Brothers in Arms, Renounce Religion


You were on level 14 of the Dungeon.
You worshipped Trog.
Trog was greatly pleased with you.
You were very hungry.

You visited 3 branches of the dungeon, and saw 22 of its levels.
You also visited: Bailey.

You collected 2262 gold pieces.
You spent 1035 gold pieces at shops.

Inventory:

Hand Weapons
 k - the +7 glaive of Mono Bur (weapon) {chop, rPois MP+9 Dex+7 SInv}
   (You found it in a bailey)

   It inflicts extra damage upon your enemies.
   It affects your dexterity (+7).
   It protects you from poison.
   It affects your magic capacity (+9).
   It lets you see invisible.
 m - a +8 antimagic executioner's axe
 O - a +0 mace
Missiles
 N - a throwing net (quivered)
Armour
 f - a +1 hat of see invisible (worn)
 n - a +1 pair of gloves
 s - a +1 plate armour (worn)
 u - a +1 pair of gloves of strength (worn)
 v - a +0 pair of boots (worn)
 x - a scarf of cloud immunity (worn)
 J - +0 fire dragon scales
Jewellery
 q - a ring of positive energy (right hand)
 r - the ring "Zobue" (left hand) {Str+4 Stlth+}
   (You bought it in a shop on level 2 of the Orcish Mines)

   [ring of stealth]

   It affects your strength (+4).
   It makes you more stealthy.
 w - a +3 ring of evasion
 B - an uncursed ring of protection from fire
 K - a +4 amulet of reflection {unknown}
 L - a +3 ring of protection {unknown}
Wands
 l - a wand of disintegration (32)
 o - a wand of acid (4)
 y - a wand of clouds (21)
 D - a wand of digging (3)
 S - a wand of paralysis (6)
 U - a wand of enslavement (9)
 V - a wand of polymorph (3)
 X - a wand of flame (32)
Scrolls
 a - 6 scrolls of remove curse
 d - 13 scrolls of identify
 e - 8 scrolls of teleportation
 h - 4 scrolls of magic mapping
 E - 2 scrolls of fog
 F - 3 scrolls of fear
 H - a scroll of summoning
 Q - 2 scrolls of noise {unknown}
 R - 2 scrolls of blinking
 T - 2 scrolls of brand weapon
Potions
 b - 8 potions of curing
 g - a potion of invisibility
 i - 4 potions of heal wounds
 j - a potion of flight
 p - 6 potions of agility
 t - 3 potions of haste
 z - 3 potions of berserk rage
 A - 2 potions of resistance
 C - a potion of mutation
 I - 3 potions of brilliance
 M - 2 potions of ambrosia
 P - a potion of might
Miscellaneous
 G - a sack of spiders
Comestibles
 c - 38 rations
 W - 7 chunks of flesh


   Skills:
 + Level 14.8 Fighting
 - Level 12.1(16.3) Axes
 + Level 5.9(9.9) Maces & Flails
 - Level 17.2(18.4) Polearms
 + Level 17.1 Armour
 - Level 2.1 Dodging
   Level 8.9 Shields
 + Level 3.2 Spellcasting


You had 20 spell levels left.
You didn't know any spells.
Your spell library was empty.

Dungeon Overview and Level Annotations

Branches:
Dungeon (14/15)            Temple (0/1) D:5            Lair (6/6) D:11
 Shoals (0/4) Lair:3        Snake (0/4) Lair:3        Slime (0/5) Lair:5
    Orc (2/2) D:9             Elf (0/3) Orc:2        Vaults (0/5) D:14

Altars:
Dithmenos
Elyvilon
Fedhas
Gozag
Hepliaklqana
Makhleb
Nemelex Xobeh
Ru
Sif Muna
Trog
Uskayaw
Vehumet
Yredelemnul
Zin
The Shining One
Beogh

Shops:
D:5 [!   D:8 [   D:12 ?   Orc:2 (?[=

Annotations:
D:10 1 runed translucent door
D:12 3 runed translucent doors, Sondor's ghost, journeyman DDFi
Lair:1 1 exclusion


Innate Abilities, Weirdness & Mutations

You reflexively headbutt those who attack you in melee.
You have a pair of horns on your head.
Your skin changes colour to match your surroundings (Stealth+).
Your natural rate of healing is unusually fast.


Message History

You destroy the centaur warrior skeleton!
Trog accepts your kill.
Trog doesn't appreciate your training magic!
You feel a little guilty.
You slash the two-headed ogre! You headbutt the two-headed ogre!
The two-headed ogre is severely wounded.
You dice the two-headed ogre like an onion!!!
You kill the two-headed ogre!
Trog accepts your kill.
Trog doesn't appreciate your training magic!
You feel guilty.
The cyclops throws a large rock.
The large rock barely misses you.
You feel a strong urge to attack something.
There is an open door here.
You are no longer berserk.
You are exhausted.
You feel yourself slow down.
The fire giant gestures at you while chanting.
The fireball explodes!
The fireball engulfs you!!!
You die...

#.......# #.......#
#.......# #.CC....#
#C# #.# #.# ##'##
#.@.# #...#
#.(.#### #..((.(#
#...##(# #...##.#
#...##.# #...##.#
##+###.##≈≈.......#


You could see a fire giant and 2 cyclopes.

Vanquished Creatures
  Jorgrun (D:14)
  Gastronok (Lair:2)
  2 orc warlords
  2 ettins (D:14)
  A fire dragon (Lair:6)
  Josephine (Lair:6)
  6 hydras
  Harold (Orc:1)
  A centaur warrior (D:14)
  2 dancing weapons (D:14)
  5 two-headed ogres
  Urug (Lair:4)
  4 orc high priests (Orc:2)
  4 skeletal warriors (D:10)
  An unseen horror (D:11)
  A swamp dragon (Lair:6)
  Pikel (D:7)
  3 deep elf magi
  5 orc knights
  6 orc sorcerers
  10 ugly things
  A wolf spider (Lair:6)
  15 cyclopes
  A guardian serpent (Lair:6)
  5 elephants (Lair:6)
  Joseph (D:7)
  7 black mambas
  A gargoyle (D:12)
  14 spiny frogs
  3 komodo dragons
  2 rime drakes (Lair:6)
  A freezing wraith (D:14)
  9 trolls
  3 polar bears
  5 hornets
  4 slime creatures
  8 hippogriffs
  4 blink frogs (Lair:5)
  A tarantella (shapeshifter) (D:13)
  2 redbacks (Lair:6)
  45 yaks
  3 shadows
  A spriggan (D:11)
  5 basilisks
  8 wraiths
  2 fire elementals (D:14)
  2 fire bats (D:10)
  12 wyverns
  4 steam dragons (Lair:6)
  4 vampire mosquitoes (D:14)
  Menkaure (D:7)
  An acid dragon (Lair:6)
  21 water moccasins
  8 porcupines
  3 wargs (Orc:2)
  39 orc warriors
  A hornet zombie (D:13)
  2 slaves (D:7)
  A swamp drake (Lair:6)
  An ice beast (D:12)
  3 sky beasts
  4 black bears (Lair:3)
  3 necrophages
  2 eyes of draining (D:12)
  28 ogres
  2 phantoms
  12 centaurs
  17 wolves
  18 crocodiles
  13 bullfrogs
  2 gnoll sergeants
  A wyvern zombie (D:14)
  A scorpion (D:4)
  3 wyvern skeletons
  A water moccasin skeleton (D:9)
  5 wights (D:14)
  3 howler monkeys
  An electric eel (Lair:1)
  7 crimson imps
  A centaur zombie (D:10)
  A lava snake (D:14)
  A quasit (D:12)
  2 bullfrog zombies
  5 jellies
  32 orc priests
  13 hounds
  3 bullfrog skeletons
  32 orc wizards
  4 centaur skeletons
  6 iguanas
  11 worker ants
  A hound zombie (D:7)
  2 hound skeletons
  A howler monkey zombie (D:5)
  13 adders
  7 gnolls
  6 shadow imps
  An ooze (D:4)
  2 worms
  2 dart slugs
  7 leopard geckos
  107 orcs
  13 bats
  4 giant cockroaches
  10 goblins
  8 hobgoblins
  6 jackals
  A quokka (D:6)
  2 ball pythons (D:7)
  4 frilled lizards
  A jackal skeleton (D:4)
  11 kobolds
  A leopard gecko skeleton (D:4)
  8 rats
  A butterfly (Lair:1)
  2 plants (Lair:6)
768 creatures vanquished.

Vanquished Creatures (collateral kills)
  4 orc priests (Orc:2)
4 creatures vanquished.

Vanquished Creatures (others)
  A slave (D:7)
  19 fungi
  37 plants
57 creatures vanquished.

Grand Total: 829 creatures vanquished

Notes
Turn   | Place    | Note
-------+----------+-------------------------------------------
     0 | D:1      | Dommiel19 the Minotaur Berserker began the quest for the
                  | Orb.
     0 | D:1      | Reached XP level 1. HP: 19/19 MP: 0/0
     2 | D:1      | Noticed a vampire
     2 | D:1      | Noticed a vine stalker
     4 | D:1      | Noticed a human
     4 | D:1      | Noticed a merfolk
     6 | D:1      | Noticed a demonspawn
     6 | D:1      | Noticed a dwarf
     8 | D:1      | Noticed a formicid
    12 | D:1      | Noticed a centaur
    12 | D:1      | Noticed a halfling
    14 | D:1      | Noticed a naga
    14 | D:1      | Noticed a tengu
    16 | D:1      | Noticed a felid
    16 | D:1      | Noticed a spriggan
    18 | D:1      | Noticed a draconian
    18 | D:1      | Noticed a demigod
    20 | D:1      | Noticed an elf
    22 | D:1      | Noticed a minotaur
    22 | D:1      | Noticed a ghoul
    24 | D:1      | Noticed a troll
    24 | D:1      | Noticed an ogre
    26 | D:1      | Noticed a gargoyle
    26 | D:1      | Noticed an octopode
   358 | D:1      | Reached XP level 2. HP: 18/27 MP: 1/1
   945 | D:2      | Reached XP level 3. HP: 24/33 MP: 2/2
  1114 | D:2      | Reached ** piety under Trog
  1259 | D:2      | Reached skill level 5 in Axes
  1283 | D:2      | Reached XP level 4. HP: 34/41 MP: 3/3
  1335 | D:2      | Found a glowing silver altar of Zin.
  1623 | D:3      | Found a basalt altar of Yredelemnul.
  1715 | D:3      | Found a sacrificial altar of Ru.
  1969 | D:3      | Reached XP level 5. HP: 47/47 MP: 4/4
  2122 | D:3      | Reached skill level 5 in Fighting
  2573 | D:4      | Gained mutation: You have sharp toenails. [potion of
                  | mutation]
  2573 | D:4      | Gained mutation: You are agile. (Dex +2) [potion of
                  | mutation]
  2577 | D:4      | Lost mutation: You are agile. (Dex +2) [potion of mutation]
  2577 | D:4      | Lost mutation: You have sharp toenails. [potion of
                  | mutation]
  2577 | D:4      | Gained mutation: Your skin changes colour to match your
                  | surroundings (Stealth+). [potion of mutation]
  2577 | D:4      | Gained mutation: Your natural rate of healing is unusually
                  | fast. [potion of mutation]
  2649 | D:4      | Reached XP level 6. HP: 52/56 MP: 5/5
  2656 | D:4      | Reached *** piety under Trog
  3191 | D:5      | Entered Level 5 of the Dungeon
  3218 | D:5      | Found a radiant altar of Vehumet.
  3262 | D:5      | Found a staircase to the Ecumenical Temple.
  3377 | D:5      | Reached XP level 7. HP: 63/63 MP: 6/6
  3420 | D:5      | Found Puwiaw's Antique Armour Shop.
  3436 | D:5      | Found Guisuhio's Distillery.
  3463 | D:5      | Bought a potion of heal wounds for 70 gold pieces
  3463 | D:5      | Bought a potion of curing for 42 gold pieces
  3829 | D:6      | Reached skill level 1 in Shields
  4052 | D:6      | Found a bloodstained altar of Trog.
  4074 | D:6      | Reached XP level 8. HP: 73/73 MP: 7/7
  4134 | D:6      | You fall through a shaft!
  4151 | D:7      | Noticed Pikel
  4165 | D:7      | Noticed Menkaure
  4174 | D:7      | Killed Pikel
  4174 | D:7      | Reached skill level 10 in Axes
  4174 | D:7      | Reached skill level 5 in Shields
  4181 | D:7      | Killed Menkaure
  4195 | D:7      | Found a sparkling altar of Nemelex Xobeh.
  4337 | D:7      | Found a white marble altar of Elyvilon.
  4411 | D:7      | Found a glowing golden altar of the Shining One.
  4417 | D:7      | Reached **** piety under Trog
  4502 | D:7      | Found a flagged portal.
  4590 | D:7      | Noticed Joseph
  4605 | D:7      | Killed Joseph
  4605 | D:7      | Reached XP level 9. HP: 44/81 MP: 8/8
  4867 | Bailey   | Entered a bailey
  4872 | Bailey   | Noticed an orc warlord
  5033 | Bailey   | Found a runed translucent gate.
  5035 | Bailey   | Found a runed translucent gate.
  5036 | Bailey   | Found a runed translucent gate.
  5238 | Bailey   | Killed an orc warlord
  5274 | Bailey   | Got a translucent glaive
  5275 | Bailey   | Identified the +7 glaive of Mono Bur {chop, rPois MP+9
                  | Dex+7 SInv} (You found it in a bailey)
  5294 | Bailey   | Reached XP level 10. HP: 91/91 MP: 9/9
  5438 | D:8      | Found Figy's Armour Boutique.
  5455 | D:8      | Bought a +0 pair of gloves of strength for 161 gold pieces
  5466 | D:8      | Found an opulent altar of Gozag.
  5604 | D:8      | Found a faded altar of an unknown god.
  5604 | D:8      | Found a deep blue altar of Sif Muna.
  5610 | D:8      | Found a blossoming altar of Fedhas.
  5612 | D:8      | Found a faded altar of an unknown god.
  5614 | D:8      | Found a hide-covered altar of Uskayaw.
  5680 | D:8      | Found a shadowy altar of Dithmenos.
  5752 | D:9      | Reached XP level 11. HP: 76/97 MP: 10/10
  5867 | D:9      | Found a staircase to the Orcish Mines.
  5873 | D:9      | Found a roughly hewn altar of Beogh.
  6022 | D:9      | Noticed a deep elf mage
  6038 | D:9      | Killed a deep elf mage
  6038 | D:9      | Reached skill level 10 in Polearms
  6051 | D:9      | Received a gift from Trog
  6258 | D:9      | Identified a scroll of acquirement
  6496 | D:10     | Entered Level 10 of the Dungeon
  6601 | D:10     | Found a runed translucent door.
  6606 | D:10     | Reached ***** piety under Trog
  6632 | D:10     | Found a radiant altar of Vehumet.
  6650 | D:10     | Found a hazy altar of Hepliaklqana.
  6661 | D:10     | Found a hazy altar of Hepliaklqana.
  6664 | D:10     | Found a hide-covered altar of Uskayaw.
  6721 | D:10     | Found a burning altar of Makhleb.
  6736 | D:10     | Found a hide-covered altar of Uskayaw.
  6965 | D:10     | Reached skill level 10 in Fighting
  7038 | D:10     | Noticed a two-headed ogre
  7043 | D:10     | Killed a two-headed ogre
  7055 | D:10     | Noticed a skeletal warrior
  7055 | D:10     | Noticed a skeletal warrior
  7056 | D:10     | Noticed a skeletal warrior
  7058 | D:10     | Noticed a skeletal warrior
  7265 | D:10     | Killed a skeletal warrior
  7271 | D:10     | Killed a skeletal warrior
  7271 | D:10     | Reached skill level 10 in Armour
  7276 | D:10     | Killed a skeletal warrior
  7288 | D:10     | Killed a skeletal warrior
  7445 | D:10     | Received a gift from Trog
  7759 | D:10     | Noticed a flayed ghost
  7826 | D:11     | Reached XP level 12. HP: 107/107 MP: 11/11
  7936 | D:11     | Found a staircase to the Lair.
  8595 | Lair:1   | Entered Level 1 of the Lair of Beasts
  8648 | Lair:1   | Noticed an eight-headed hydra
  8658 | Lair:1   | Killed a 14-headed hydra
  9200 | Lair:1   | Noticed a four-headed hydra
  9219 | Lair:1   | Killed a nine-headed hydra
  9594 | Lair:2   | Noticed Gastronok
  9606 | Lair:2   | Killed Gastronok
  9629 | Lair:2   | Noticed a seven-headed hydra
  9636 | Lair:2   | Killed a ten-headed hydra
  9636 | Lair:2   | Reached XP level 13. HP: 117/117 MP: 12/12
  9968 | Lair:2   | Received a gift from Trog
 10030 | Lair:2   | Got a flickering jade ring
 10267 | Lair:2   | Identified the cursed ring "Evym" {rF- rN++ AC-2 Int+5}
                  | (You found it on level 2 of the Lair of Beasts)
 10306 | Lair:3   | Found a staircase to the Snake Pit.
 10505 | Lair:3   | You fall through a shaft for 2 floors!
 10633 | Lair:3   | Found a staircase to the Shoals.
 11114 | Lair:4   | Noticed Urug
 11127 | Lair:4   | Killed Urug
 12169 | Lair:5   | Found a staircase to the Slime Pits.
 12372 | Lair:6   | Entered Level 6 of the Lair of Beasts
 12407 | Lair:6   | Reached skill level 15 in Polearms
 12505 | Lair:6   | Found a deep blue altar of Sif Muna.
 12686 | Lair:6   | Noticed Josephine
 12694 | Lair:6   | Killed Josephine
 12767 | Lair:6   | Reached ****** piety under Trog
 12767 | Lair:6   | Received a gift from Trog
 12946 | Lair:6   | Reached XP level 14. HP: 64/127 MP: 13/13
 13366 | Lair:6   | Reached skill level 15 in Armour
 13666 | Lair:6   | Got a transparent fustibalus
 13667 | Lair:6   | Identified the cursed +2 fustibalus "Hellblazer" {venom,
                  | rPois} (You found it on level 6 of the Lair of Beasts)
 14186 | Orc:1    | Entered Level 1 of the Orcish Mines
 14298 | Orc:1    | Noticed Harold
 14308 | Orc:1    | Killed Harold
 14334 | Orc:1    | Received a gift from Trog
 14519 | Orc:2    | Entered Level 2 of the Orcish Mines
 14909 | Orc:2    | Found a roughly hewn altar of Beogh.
 14978 | Orc:2    | Received a gift from Trog
 15063 | Orc:2    | Found Tuuppu's Jewellery Boutique.
 15075 | Orc:2    | Bought the ring "Zobue" {Str+4 Stlth+} for 493 gold pieces
 15083 | Orc:2    | Found Wipp's Armour Shop.
 15387 | Orc:2    | Found a staircase to the Elven Halls.
 15446 | Orc:2    | Paralysed by an orc sorcerer for 4 turns
 15564 | Orc:2    | Noticed an orc warlord
 15590 | Orc:2    | Killed an orc warlord
 15720 | Orc:2    | Received a gift from Trog
 15846 | Orc:2    | Found a roughly hewn altar of Beogh.
 15893 | Orc:2    | Found Zaseum's Antique Weapon Shop.
 15981 | Orc:2    | Found Waheck's Magic Scroll Shoppe.
 16667 | D:12     | Reached skill level 1 in Maces & Flails
 16697 | D:12     | Found Fotize's Magic Scroll Shoppe.
 16711 | D:12     | Bought a scroll of teleportation for 45 gold pieces
 16711 | D:12     | Bought a scroll of blinking for 112 gold pieces
 16711 | D:12     | Bought a scroll of blinking for 112 gold pieces
 16879 | D:12     | Noticed Sondor's ghost (journeyman DDFi)
 16885 | D:12     | Found a runed translucent gate.
 16885 | D:12     | Found a runed translucent gate.
 16887 | D:12     | Found a runed translucent gate.
 16987 | D:12     | Reached XP level 15. HP: 122/138 MP: 15/15
 17423 | D:13     | Reached skill level 1 in Spellcasting
 18042 | D:14     | Received a gift from Trog
 18309 | D:14     | Found an opulent altar of Gozag.
 18580 | D:14     | Noticed Jorgrun
 18594 | D:14     | Killed Jorgrun
 18756 | D:14     | Found a gate to the Vaults.
 18889 | D:14     | Reached skill level 5 in Maces & Flails
 19283 | D:14     | Noticed a fire giant
 19296 | D:14     | Killed from afar by a fire giant

Skill      XL: |  1  2  3  4  5  6  7  8  9 10 11 12 13 14 15 |
---------------+----------------------------------------------+-----
Axes           | 4 5 6 7 8 9 10 12 | 12.1
Fighting       | 4 5 6 7 8 9 10 11 12 14 | 14.8
Shields        | 3 6 8 |  8.9
Polearms       | 9 11 13 15 17 | 17.2
Armour         | 7 10 12 14 16 17 | 17.1
Maces & Flails | 1 5 |  5.9
Spellcasting   | 3 |  3.2
Dodging        | |  2.1

Action                   |  1- 3 |  4- 6 |  7- 9 | 10-12 | 13-15 || total
-------------------------+-------+-------+-------+-------+-------++-------
Melee: Hand axe          |    66 |   116 |   205 |       |       ||   387
       Headbutt          |    10 |    19 |    38 |    86 |   230 ||   383
       Glaive            |       |       |       |   382 |  1048 ||  1430
Invok: Berserk           |       |     1 |     2 |     6 |     8 ||    17
Evoke: Wand              |       |       |       |       |     2 ||     2
  Use: Scroll            |       |     5 |     6 |     5 |    18 ||    34
       Potion            |       |     5 |     5 |     5 |     2 ||    17
 Stab: Sleeping          |     1 |     4 |       |       |       ||     5
       Distracted        |       |       |       |       |     3 ||     3
  Eat: Ration            |       |     1 |       |       |     5 ||     6
       Chunk             |       |     5 |     8 |    19 |    22 ||    54
Armor: Animal skin       |     7 |    17 |       |       |       ||    24
       Chain mail        |       |     8 |    73 |       |       ||    81
       Plate armour      |       |       |       |   246 |   393 ||   639
Dodge: Dodged            |    40 |    43 |    70 |   156 |   438 ||   747
Block: Buckler           |       |       |    31 |       |       ||    31
